 Dungeon Crawl Stone Soup version 0.23.2-33-g5129a83 (webtiles) character file.

Game seed: 3763362359598882957

43 Aphrodieselac the Charmwright (level 3, -1/27 HPs)
             Began as a Merfolk Skald on Aug 5, 2019.
             Slain by a kobold
             ... wielding a +0 whip
              (6 damage)
             ... on level 2 of the Dungeon.
             The game lasted 00:04:01 (1466 turns).

Aphrodieselac the Charmwright (Merfolk Skald)       Turns: 1466, Time: 00:04:01

Health: -1/27      AC:  3    Str: 11    XL:     3   Next: 58%
Magic:  5/6        EV: 12    Int: 13    God:
Gold:   77         SH:  0    Dex: 13    Spells: 5/6 levels left

rFire    . . .     SeeInvis .   a - +0 spear
rCold    . . .     Gourm    .   (no shield)
rNeg     . . .     Faith    .   b - +0 leather armour
rPois    .         Spirit   .   (no helmet)
rElec    .         Reflect  .   (no cloak)
rCorr    .         Harm     .   (no gloves)
MR       .....                  (no boots)
Stlth    +.........             (no amulet)
HPRegen  0.09/turn              (no ring)
MPRegen  0.10/turn              (no ring)

@: infused
A: change form in water, swift swim, stealthy swim
a: no special abilities


You were on level 2 of the Dungeon.
You were not hungry.

You visited 1 branch of the dungeon, and saw 2 of its levels.

You collected 77 gold pieces.

Inventory:

Hand Weapons
 a - a +0 spear (weapon)
 j - a cursed -1 dagger
Missiles
 e - 3 silver javelins (quivered)
 l - 24 sling bullets
 n - 36 poisoned needles
Armour
 b - a +0 leather armour (worn)
Jewellery
 m - an uncursed ring of poison resistance {unknown}
Scrolls
 c - a scroll of enchant weapon {unknown}
 g - 2 scrolls of identify {unknown}
 h - 6 scrolls of remove curse {unknown}
 k - 2 scrolls of teleportation {unknown}
Potions
 i - 2 potions of flight {unknown}
Comestibles
 d - 3 rations
 f - 2 chunks of flesh


   Skills:
 - Level 2.1 Fighting
 + Level 4.0 Polearms
 - Level 0.6 Armour
 - Level 2.6 Dodging
 - Level 2.0 Spellcasting
 * Level 4.4 Charms


You had 5 spell levels left.
You knew the following spells:

 Your Spells              Type           Power        Failure   Level  Hunger
a - Infusion              Chrm           ##..         5%          1    ##.....

Your spell library contained the following spells:

 Spells                   Type           Power        Failure   Level  Hunger
 Song of Slaying          Chrm           ##......     9%          2    ###....
 Shroud of Golubria       Chrm/Tloc      #.........   21%         2    ###....
 Regeneration             Chrm/Necr      #.........   38%         3    ####...
 Spectral Weapon          Hex/Chrm       #.......     38%         3    ####...


Dungeon Overview and Level Annotations

Branches:
Dungeon (2/15)

Altars:


Message History

The kobold is moderately wounded.
The kobold hits you but does no damage.
You hit the kobold but do no damage.
The kobold is moderately wounded.
The kobold hits you with a +0 whip.
You barely miss the kobold.
The kobold is moderately wounded.
The kobold closely misses you.
You miss the kobold.
The kobold is moderately wounded.
The kobold hits you with a +0 whip.
You closely miss the kobold.
The kobold is moderately wounded.
The kobold hits you with a +0 whip.
* * * LOW HITPOINT WARNING * * *
Casting: Infusion (safe; 5% risk of failure)
Confirm with . or Enter, or press ? or * to list all spells.
You begin infusing your attacks with magical energy.
The kobold hits you with a +0 whip.
You die...

.....# #.# ####.# #.#
#.# #.#.# #.# #.#.# #.#
#.#.# #.# #.#.#####..#
#.# #......K...# #.#
#..K######.#
#.#########..@#
#.............#####
####..########)........
......########.########
####...........#
#...........#
#.########### ####.#
.....#


You could see a kobold.

Vanquished Creatures
  An adder (D:1)
  A dart slug (D:1)
  A leopard gecko (D:1)
  4 ball pythons
  A giant cockroach (D:2)
  6 goblins
  3 hobgoblins (D:1)
  A jackal (D:1)
  3 bats (D:1)
  5 kobolds
  5 rats (D:1)
31 creatures vanquished.

Notes
Turn   | Place    | Note
-------+----------+-------------------------------------------
     0 | D:1      | Aphrodieselac the Merfolk Skald began the quest for the
                  | Orb.
     0 | D:1      | Reached XP level 1. HP: 16/16 MP: 3/3
   138 | D:1      | Reached XP level 2. HP: 13/22 MP: 5/5
   512 | D:1      | Reached XP level 3. HP: 21/27 MP: 6/6
  1466 | D:2      | Slain by a kobold

Skill      XL: |  1  2  3 |
---------------+----------+-----
Charms         | 4 |  4.4
Polearms       | 4 |  4.0
Fighting       | |  2.1
Armour         | |  0.6
Dodging        | |  2.6
Spellcasting   | |  2.0

Action                   || total
-------------------------++-------
Melee: Spear             ||   117
 Cast: Infusion          ||     2
  Eat: Chunk             ||     2
Armor: Leather armour    ||    22
Dodge: Dodged            ||    54
